AoeStats
← CaptainCarrot

Arena

510312151Analyzed
2v2 RM · 3d ago on Sep 30, 2026· 50m 24s· 4 players
Game mode
Random Map
Map size
Medium (4 player)
Population
200
Speed
Normal
Resources
Standard
Victory
Conquest
Starting age
Dark Age
Ending age
Imperial Age
RankedLock teamsTeams togetherTeam positionsShared explorationLock speedFull tech treeHidden civsTurbo modeCheats
Victory
Defeat
🇳🇱 Burgundians · Netherlands
1322
+12
🇦🇺 Britons · Australia
1318
+12
🇻🇳 Danes · Vietnam
1231
-12
🇻🇳 Bohemians · Vietnam
1231
-12
BeardyNath
11:05 Feudal Age
14:49 Castle Age
13:05 Horse Collar
13:39 Double-Bit Axe
16:09 Bow Saw
16:11 Heavy Plow
20:20 Wheelbarrow
20:41 Gold Mining
26:49 Imperial Age
24:51 Fletching
25:15 Masonry
26:21 Bodkin Arrow
27:44 Bracer
29:58 Conscription
31:06 Chemistry
31:52 Two-Man Saw
31:04 Elite Longbowman
31:32 Loom
32:10 Hand Cart
32:16 Ballistics
32:16 Stone Mining
32:38 Town Watch
32:29 Onager
34:42 Bracer
35:58 Siege Engineers
35:39 Treadmill Crane
39:26 Hoardings
40:02 Padded Archer Armor
40:33 Architecture
41:48 Leather Archer Armor
42:00 Yeomen
42:35 Coinage
42:44 Warwolf
43:23 Murder Holes
43:39 Fortified Wall
45:22 Banking
45:40 Ring Archer Armor
45:36 Man-at-Arms
46:01 Gambesons
46:17 Squires
47:11 Scale Mail Armor
47:22 Forging
46:34 Long Swordsman
48:36 Two-Handed Swordsman
50:03 Chain Mail Armor
50:23 Iron Casting
49:37 Champion
51:31 Plate Mail Armor
CaptainCarrot
4:45 Double-Bit Axe
8:20 Wheelbarrow
10:11 Feudal Age
9:05 Horse Collar
15:42 Castle Age
14:33 Bow Saw
15:05 Heavy Plow
16:12 Hand Cart
16:46 Hand Cart
20:57 Gold Mining
20:54 Town Watch
20:55 Loom
21:09 Stone Mining
23:22 Pikeman
24:03 Squires
25:28 Fletching
25:39 Padded Archer Armor
25:51 Husbandry
25:11 Cavalier
26:15 Bodkin Arrow
27:41 Leather Archer Armor
32:14 Imperial Age
30:32 Ballistics
32:01 Scale Barding Armor
33:03 Chain Barding Armor
32:24 Paladin
33:16 Forging
33:41 Conscription
34:33 Chemistry
33:57 Bracer
34:35 Plate Barding Armor
34:00 Bracer
34:56 Bracer
39:17 Pikeman
39:58 Squires
40:00 Scale Mail Armor
40:35 Iron Casting
42:39 Light Cavalry
43:51 Burgundian Vineyards
46:25 Capped Ram
46:47 Hussar
48:29 Chain Mail Armor
49:15 Blast Furnace
48:14 Arson
Wild Boar
11:50 Feudal Age
12:37 Double-Bit Axe
12:37 Horse Collar
15:50 Castle Age
15:06 Gold Mining
16:56 Wheelbarrow
18:12 Bow Saw
21:35 Scale Mail Armor
21:54 Squires
23:02 Chain Mail Armor
23:25 Arson
26:18 Fletching
27:30 Fletching
27:40 Padded Archer Armor
28:26 Forging
28:40 Bodkin Arrow
32:00 Imperial Age
31:36 Gold Shaft Mining
31:28 Leather Archer Armor
31:28 Heavy Plow
32:23 Elite Skirmisher
33:07 Bracer
33:38 Ring Archer Armor
33:50 Ring Archer Armor
34:20 Ballistics
33:31 Capped Ram
35:25 Conscription
36:27 Chemistry
39:06 Elite Varangian Guard
40:24 Iron Casting
40:19 Plate Mail Armor
43:39 Hand Cart
44:56 Blast Furnace
45:33 Thumb Ring
46:23 Scale Barding Armor
46:21 Husbandry
namlongdl
10:16 Feudal Age
11:46 Double-Bit Axe
15:04 Castle Age
14:15 Horse Collar
16:00 Bow Saw
20:32 Fervor
21:25 Wheelbarrow
22:00 Sanctity
24:19 Hand Cart
28:37 Imperial Age
26:32 Ballistics
26:06 Loom
28:13 Chemistry
27:08 Fletching
27:19 Scale Mail Armor
27:21 Squires
28:04 Forging
28:19 Pikeman
29:31 Chain Mail Armor
29:12 Bodkin Arrow
29:41 Conscription
29:25 Town Watch
30:56 Iron Casting
31:15 Wagenburg Tactics
31:57 Plate Mail Armor
33:11 Blast Furnace
32:34 Town Patrol
32:31 Halberdier
33:58 Houfnice
36:42 Murder Holes
36:53 Siege Engineers
39:43 Hussite Reforms
45:29 Padded Archer Armor
45:29 Bracer
45:46 Elite Skirmisher
46:46 Leather Archer Armor
48:35 Ring Archer Armor
Connection lost

Rejoining the realm…

Still unreachable

The connection could not be restored.

Session expired

The server has moved on; the page needs a fresh start.